 Dungeon Crawl Stone Soup version 0.29-a0-577-gafbf2c5d25 (webtiles) character file.

Game seed: 7136872632210986160

68 Pooter the Chopper (level 4, -2/60 HPs)
             Began as a Minotaur Berserker on June 13, 2022.
             Was a Believer of Trog.
             Slain by an iguana (13 damage)
             ... on level 3 of the Dungeon.
             The game lasted 00:07:59 (1749 turns).

Pooter the Chopper (Minotaur Berserker)             Turns: 1749, Time: 00:07:59

Health: -2/60      AC:  3    Str: 24    XL:     4   Next: 1%
Magic:  3/3        EV: 12    Int:  4    God:    Trog [**....]
Gold:   111        SH:  0    Dex:  9    Spells: 3/3 levels left

rFire   . . .      SeeInvis .   c - +1 short sword (flame)
rCold   . . .      Faith    .   (no shield)
rNeg    . . .      Spirit   .   b - +0 animal skin
rPois   .          Reflect  .   (helmet restricted)
rElec   .          Harm     .   (no cloak)
rCorr   .          Rampage  .   (no gloves)
Will    .....                   o - +0 pair of boots
Stlth   ..........              t - amulet of the acrobat
HPRegen 0.20/turn               h - ring of flight
MPRegen 0.08/turn               (no ring)

@: berserking, flying, very quick
A: horns 2, retaliatory headbutt
a: Renounce Religion, Berserk, Trog's Hand


You were on level 3 of the Dungeon.
You worshipped Trog.
Trog was pleased with you.
You visited 1 branch of the dungeon, and saw 3 of its levels.

You collected 111 gold pieces.

Inventory:

Hand Weapons
 a - a +0 hand axe
 c - a +1 short sword of flaming (weapon)
   (You took it off a kobold on level 2 of the Dungeon)
 z - a +0 short sword of holy wrath
   (You found it on level 3 of the Dungeon)
Missiles
 e - 3 boomerangs of dispersal {!f}
 l - 4 poisoned darts
 v - 2 javelins
 Q - 55 stones (quivered)
Armour
 b - a +0 animal skin (worn)
 o - a +0 pair of boots (worn)
   (You found it on level 2 of the Dungeon)
Jewellery
 h - a ring of flight (left hand)
   (You found it on level 1 of the Dungeon)
 t - an amulet of the acrobat (around neck)
   (You found it on level 2 of the Dungeon)
Scrolls
 d - a scroll of blinking {unknown}
 i - a scroll of noise {unknown}
 k - a scroll of fog {unknown}
 p - a scroll of amnesia {unknown}
 r - a scroll of enchant weapon {unknown}
 s - a scroll of identify {unknown}
 y - a scroll of enchant armour {unknown}
Potions
 f - 2 potions of magic {unknown}
 g - 3 potions of curing {unknown}
 j - 2 potions of brilliance {unknown}
 m - a potion of mutation {unknown}
 n - 2 potions of haste {unknown}
 q - a potion of might {unknown}
 u - a potion of lignification {unknown}
 w - 2 potions of berserk rage {unknown}
 x - a potion of flight {unknown}


   Skills:
 + Level 4.2 Fighting
 * Level 4.6 Axes
 + Level 1.3 Throwing
 - Level 2.4 Armour
 - Level 2.1 Dodging
 + Level 1.2 Stealth


You had 3 spell levels left.
You didn't know any spells.
Your spell library was empty.

Dungeon Overview and Level Annotations

Branches:
Dungeon (3/15)

Altars:

Annotations:
D:3 1 runed translucent door, Crazy Yiuf


Innate Abilities, Weirdness & Mutations

You have a pair of horns on your head.
You reflexively headbutt those who attack you in melee.


Message History

You miss the quokka. The quokka barely misses you. The quokka misses you.
You closely miss the quokka.
You headbutt the quokka, but do no damage.
The quokka misses you.
You hit the quokka. You burn the quokka. The quokka closely misses you.
You completely miss the quokka. You headbutt the quokka.
You kill the quokka!
Trog accepts your kill.
You now have 111 gold pieces (gained 17).
Found a stone staircase leading up.
Found a runed short sword.
An endoplasm comes into view.
Found a golden potion.
The endoplasm quivers.
An orc comes into view.
It is wielding a +0 club and quivering boomerangs of dispersal.
The endoplasm completely misses you.
You hit the endoplasm. You burn the endoplasm.
Your headbutt misses the endoplasm.
The orc throws a boomerang of dispersal.
The boomerang of dispersal misses you. The endoplasm freezes you.
You are frozen.
You hit the endoplasm. You burn the endoplasm.
You kill the endoplasm!
Trog accepts your kill. The orc hits you with a +0 club.
You hit the orc. You burn the orc. The orc hits you with a +0 club.
You hit the orc. You burn the orc. You headbutt the orc.
You kill the orc!
Trog accepts your kill.
You have reached level 4!
You feel stronger.
e - 3 boomerangs of dispersal {!f}
Things that are here:
a +0 club; a +0 ring mail You see here a +0 short sword of holy wrath.
z - a +0 short sword of holy wrath
w - 2 golden potions (gained 1)
You hear the slow rusting of a very distant drain.
An iguana comes into view.
The iguana hisses angrily.
You hit the iguana but do no damage. The iguana bites you!
You closely miss the iguana. The iguana misses you.
You hit the iguana but do no damage. The iguana bites you.
* * * LOW HITPOINT WARNING * * *
You closely miss the iguana. You headbutt the iguana! The iguana bites you!
* * * LOW HITPOINT WARNING * * *
A red film seems to cover your vision as you go berserk!
You feel yourself moving faster!
You feel mighty! The iguana bites you!
You die...

****** #...# #. #.### #.
***** #.# ♣P ,,,,*
#####.## ♣♣ ***,***
#......# ♣ *,,,* #...<..#
***,***#######* #......#
*,,,,.......###......###
♣
**********#l@........).#*
♣ #####......#..# *#
#......#### *. ########
#. #) ##


You could see an iguana.

Vanquished Creatures
  Natasha (D:3)
  A dart slug (D:2)
  An orc (D:3)
  4 endoplasms
  A giant cockroach (D:1)
  5 hobgoblins
  5 jackals
  3 quokkas
  5 ball pythons
  A bat (D:3)
  3 frilled lizards
  3 kobolds
  3 rats
36 creatures vanquished.

Notes
Turn   | Place    | Note
-------+----------+-------------------------------------------
     0 | D:1      | Pooter the Minotaur Berserker began the quest for the Orb.
     0 | D:1      | Reached XP level 1. HP: 19/19 MP: 0/0
   190 | D:1      | Reached XP level 2. HP: 26/27 MP: 1/1
  1174 | D:2      | Found a faded altar of an unknown god.
  1183 | D:2      | Reached skill level 1 in Throwing
  1192 | D:2      | Reached XP level 3. HP: 28/33 MP: 2/2
  1650 | D:3      | Noticed Natasha
  1655 | D:3      | Reached ** piety under Trog
  1656 | D:3      | Killed Natasha
  1657 | D:3      | Reached skill level 1 in Stealth
  1671 | D:3      | Found a runed translucent door.
  1672 | D:3      | Noticed Crazy Yiuf
  1731 | D:3      | Reached XP level 4. HP: 32/40 MP: 3/3
  1749 | D:3      | Slain by an iguana

Illustrated notes

Levels and vault maps discovered:
D:1:      psy_arrival_heroes, layout_basic, minmay_cupped
D:2:      layout_rooms, chequers_ecumenical_altar_simple_redux
D:3:      layout_rooms, gup_sewer_entry_spiral, uniq_natasha,
          uniq_crazy_yiuf_cottage

Skill      XL: |  1  2  3 |
---------------+----------+-----
Axes           | 4 |  4.6
Throwing       | 1 |  1.3
Fighting       | 4 |  4.2
Stealth        | 1 |  1.2
Armour         | |  2.4
Dodging        | |  2.1

Action                   |  1- 3 |  4- 6 || total
-------------------------+-------+-------++-------
Melee: Hand axe          |    36 |       ||    36
       Short sword       |    33 |     4 ||    37
       Headbutt          |     9 |     1 ||    10
       Punch             |     1 |       ||     1
Throw: Dart              |    15 |       ||    15
       Stone             |     6 |       ||     6
Invok: Berserk           |     1 |     1 ||     2
  Use: Scroll            |     2 |       ||     2
 Stab: Sleeping          |     1 |       ||     1
Armor: Animal skin       |    13 |       ||    13
Dodge: Dodged            |    52 |     1 ||    53

Table legend: (Time is in decaauts)
 A = Elapsed time spent in this place.
 B = Non-inter-level travel time spent in this place.
 C = Inter-level travel time spent in this place.
 D = Time resting spent in this place.
 E = Time spent auto-exploring this place.
 F = Levels seen in this place.
 G = Mean time per level.
                   A        B        C        D        E       F      G
               +--------+--------+--------+--------+--------+-----+--------+
         Total |   1763 |   1734 |     29 |      0 |   1357 |   3 |  587.7 |
       Dungeon |   1763 |   1734 |     29 |      0 |   1357 |   3 |  587.7 |
               +--------+--------+--------+--------+--------+-----+--------+

Top non-repeatable levels by time:
     D:1: 1043 daAuts
     D:2: 611 daAuts
     D:3: 109 daAuts
